 Dungeon Crawl Stone Soup version 0.23.2-33-g5129a83184 (webtiles) character file.

Game seed: 6122107322429813372

56 troglodite the Charmwright (level 3, -1/31 HPs)
             Began as a Gnoll Skald on June 27, 2019.
             Slain by a gnoll
             ... wielding a +0 spear
              (8 damage)
             ... on level 2 of the Dungeon.
             The game lasted 00:03:47 (1510 turns).

troglodite the Charmwright (Gnoll Skald)            Turns: 1510, Time: 00:03:48

Health: -1/31      AC:  4    Str: 13    XL:     3   Next: 97%
Magic:  6/9        EV: 14    Int: 16    God:
Gold:   64         SH:  0    Dex: 14    Spells: 8/12 levels left

rFire    . . .     SeeInvis .   a - +0 spear
rCold    . . .     Gourm    .   (no shield)
rNeg     . . .     Faith    .   b - +0 leather armour
rPois    .         Spirit   .   (no helmet)
rElec    .         Reflect  .   (no cloak)
rCorr    .         Harm     .   o - +0 pair of gloves
MR       .....                  (no boots)
Stlth    +.........             (no amulet)
HPRegen  0.10/turn              (no ring)
MPRegen  0.11/turn              (no ring)

@: no status effects
A: distributed training, fangs 1, strong nose
a: no special abilities


You were on level 2 of the Dungeon.
You were not hungry.

You visited 1 branch of the dungeon, and saw 2 of its levels.

You collected 64 gold pieces.

Inventory:

Hand Weapons
 a - a +0 spear (weapon)
Missiles
 k - 5 javelins (quivered)
Armour
 b - a +0 leather armour (worn)
 o - a +0 pair of gloves (worn)
Scrolls
 c - 2 scrolls of blinking {unknown}
 e - a scroll of enchant armour {unknown}
 f - 2 scrolls of identify {unknown}
 h - 2 scrolls of remove curse {unknown}
 i - 2 scrolls of fog {unknown}
 p - a scroll of noise {unknown}
Potions
 g - 3 potions of heal wounds {unknown}
 j - 2 potions of mutation {unknown}
 m - a potion of lignification {unknown}
 n - a potion of curing {unknown}
Comestibles
 d - 5 rations
 l - a chunk of flesh


   Skills:
 + Level 4.6 Fighting
 + Level 1.0 Short Blades
 + Level 1.0 Long Blades
 + Level 1.0 Axes
 + Level 1.0 Maces & Flails
 + Level 4.6 Polearms
 + Level 1.0 Staves
 + Level 1.0 Slings
 + Level 1.0 Bows
 + Level 1.0 Crossbows
 + Level 1.0 Throwing
 + Level 2.6 Armour
 + Level 4.6 Dodging
 + Level 1.0 Stealth
 + Level 1.0 Shields
 + Level 1.0 Unarmed Combat
 + Level 5.0 Spellcasting
 + Level 0.7 Conjurations
 + Level 0.7 Hexes
 + Level 5.4 Charms
 + Level 0.7 Summonings
 + Level 0.7 Necromancy
 + Level 0.7 Translocations
 + Level 0.7 Transmutations
 + Level 0.7 Fire Magic
 + Level 0.7 Ice Magic
 + Level 0.7 Air Magic
 + Level 0.7 Earth Magic
 + Level 0.7 Poison Magic
 + Level 1.0 Invocations
 + Level 1.0 Evocations


You had 8 spell levels left.
You knew the following spells:

 Your Spells              Type           Power        Failure   Level  Hunger
a - Infusion              Chrm           ###.         1%          1    None
b - Spectral Weapon       Hex/Chrm       ##......     16%         3    ###....

Your spell library contained the following spells:

 Spells                   Type           Power        Failure   Level  Hunger
 Song of Slaying          Chrm           ###.....     3%          2    #......
 Shroud of Golubria       Chrm/Tloc      ##........   9%          2    #......
 Regeneration             Chrm/Necr      ##........   16%         3    ###....


Dungeon Overview and Level Annotations

Branches:
Dungeon (2/15)

Altars:


Innate Abilities, Weirdness & Mutations

Your experience applies equally to all skills.
You have very sharp teeth.
Your uncanny sense of smell can sniff out nearby items.


Message History

You hit the rat but do no damage. Your bite misses the rat.
Your spectral weapon misses the rat.
The gnoll closely misses you. The gnoll completely misses you.
The rat closely misses you.
You hit the rat.
You kill the rat!
The gnoll hits you from afar with a +0 spear.
* * * LOW HITPOINT WARNING * * *
Attack whom?
Press: ? - help, Dir - move target cursor, f/p - gnoll
Aim: a gnoll, wielding a +0 spear (heavily wounded)
You reach to attack!
You hit the gnoll but do no damage.
The gnoll is heavily wounded.
The gnoll misses you.
Attack whom?
Press: ? - help, Dir - move target cursor, f/p - gnoll
Aim: a gnoll, wielding a +0 spear (heavily wounded)
You reach to attack!
You hit the gnoll but do no damage.
The gnoll is heavily wounded.
The gnoll hits you from afar with a +0 spear!
You die...

....... ###..#####
.......##.#..
........#
........#....
........ ........#
... .......
.......$# ..#
#....## ......wg#
#.# #.....###
....?.gg# #.#
#........ #†# #.##
#.....# #
#####@###..###.....#
#....(.............#
#.###.####..##.....#
...#............#
###.#)###....÷...###
.....#..........##.
#.....#........##.
##.............##.
#......##.#..#.# .


You could see 3 gnolls, a dart slug and a friendly spectral +0 spear.

Vanquished Creatures
  An adder (D:2)
  An ooze (D:1)
  A worm (D:2)
  A leopard gecko (D:1)
  A bat (D:1)
  2 giant cockroaches
  6 goblins
  5 hobgoblins
  5 jackals
  A quokka (D:2)
  4 frilled lizards
  5 kobolds
  3 rats
36 creatures vanquished.

Notes
Turn   | Place    | Note
-------+----------+-------------------------------------------
     0 | D:1      | troglodite the Gnoll Skald began the quest for the Orb.
     0 | D:1      | Reached XP level 1. HP: 20/20 MP: 6/6
   142 | D:1      | Reached XP level 2. HP: 26/26 MP: 7/7
   382 | D:1      | Reached XP level 3. HP: 26/31 MP: 9/9
   387 | D:1      | Learned a level 3 spell: Spectral Weapon
   397 | D:1      | Reached skill level 5 in Spellcasting
  1003 | D:2      | Reached skill level 1 in Invocations
  1097 | D:2      | Reached skill level 1 in Short Blades
  1097 | D:2      | Reached skill level 1 in Long Blades
  1097 | D:2      | Reached skill level 1 in Axes
  1097 | D:2      | Reached skill level 1 in Maces & Flails
  1097 | D:2      | Reached skill level 1 in Staves
  1097 | D:2      | Reached skill level 1 in Slings
  1097 | D:2      | Reached skill level 1 in Bows
  1097 | D:2      | Reached skill level 1 in Crossbows
  1097 | D:2      | Reached skill level 1 in Throwing
  1097 | D:2      | Reached skill level 1 in Stealth
  1097 | D:2      | Reached skill level 1 in Shields
  1097 | D:2      | Reached skill level 1 in Unarmed Combat
  1097 | D:2      | Reached skill level 1 in Evocations
  1510 | D:2      | Slain by a gnoll

Skill      XL: |  1  2  3 |
---------------+----------+-----
Spellcasting   | 5 |  5.0
Invocations    | 1 |  1.0
Short Blades   | 1 |  1.0
Long Blades    | 1 |  1.0
Axes           | 1 |  1.0
Maces & Flails | 1 |  1.0
Staves         | 1 |  1.0
Slings         | 1 |  1.0
Bows           | 1 |  1.0
Crossbows      | 1 |  1.0
Throwing       | 1 |  1.0
Stealth        | 1 |  1.0
Shields        | 1 |  1.0
Unarmed Combat | 1 |  1.0
Evocations     | 1 |  1.0
Fighting       | |  4.6
Polearms       | |  4.6
Armour         | |  2.6
Dodging        | |  4.6
Conjurations   | |  0.7
Hexes          | |  0.7
Charms         | |  5.4
Summonings     | |  0.7
Necromancy     | |  0.7
Translocations | |  0.7
Transmutations | |  0.7
Fire Magic     | |  0.7
Ice Magic      | |  0.7
Air Magic      | |  0.7
Earth Magic    | |  0.7
Poison Magic   | |  0.7

Action                   || total
-------------------------++-------
Melee: Spear             ||   141
       Bite              ||    11
 Cast: Spectral Weapon   ||     2
 Stab: Sleeping          ||     1
  Eat: Chunk             ||     2
Armor: Leather armour    ||    16
Dodge: Dodged            ||    87
